[ AOE2 MATCH · #472665828 ]
UnrankedFranks vs Huns
[ REPLAY ANALYSIS · EXTRACTED FROM THE RECORDED GAME ]
Feudal
—
Castle
—
Imperial
—
| APM avg | 17.2 |
| APM peak | 30 |
| eAPM avg | 10.5 |
| Villagers / military | 48 / 19 |
Focus
⚔️ 15.3% · 🌾 84.7%
Knight ×8 · Spearman ×6 · Scout Cavalry ×5
Feudal
13:41
Castle
—
Imperial
—
| APM avg | 35.0 |
| APM peak | 88 |
| eAPM avg | 9.1 |
| Villagers / military | 27 / 5 |
Focus
⚔️ 5.9% · 🌾 94.1%
Scout Cavalry ×3 · Spearman ×2
Feudal
—
Castle
—
Imperial
—
| APM avg | 59.3 |
| APM peak | 112 |
| eAPM avg | 19.6 |
| Villagers / military | 48 / 17 |
Focus
⚔️ 25.7% · 🌾 74.3%
Archer ×15 · Knight ×2
Feudal
12:25
Castle
—
Imperial
—
| APM avg | 22.4 |
| APM peak | 62 |
| eAPM avg | 8.3 |
| Villagers / military | 32 / 27 |
Focus
⚔️ 27.1% · 🌾 72.9%
Archer ×13 · Spearman ×5 · Skirmisher ×5 · Scout Cavalry ×4
Match map
Initial resources + every placement click. Lines = walls · curves = elevation contours. ◆ gold · ⬟ stone · ● berries · ✦ relic · ◌ wall gap
Inputs per minute
— PinBuckle914816 - - Tineri
Build order — PinBuckle914816
130 actions detected in the replay
| 0:04 | Create | Villager (Male) |
| 0:04 | Create | Villager (Male) |
| 0:04 | Create | Villager (Male) |
| 0:08 | Build | House |
| 0:09 | Build | House |
| 0:47 | Create | Villager (Male) |
| 0:47 | Create | Villager (Male) |
| 1:45 | Create | Villager (Male) |
| 1:46 | Create | Villager (Male) |
| 2:19 | Research | Loom |
| 2:19 | Research | Loom |
| 3:01 | Create | Villager (Male) |
| 3:02 | Create | Villager (Male) |
| 3:28 | Create | Villager (Male) |
| 3:28 | Create | Villager (Male) |
| 3:46 | Build | Lumber Camp |
| 3:56 | Create | Villager (Male) |
| 3:57 | Create | Villager (Male) |
| 3:57 | Create | Villager (Male) |
| 4:51 | Create | Villager (Male) |
| 4:51 | Create | Villager (Male) |
| 5:14 | Create | Villager (Male) |
| 5:18 | Build | Mill |
| 5:36 | Build | House |
| 5:37 | Build | House |
| 6:17 | Create | Villager (Male) |
| 6:18 | Create | Villager (Male) |
| 6:18 | Create | Villager (Male) |
| 6:18 | Create | Villager (Male) |
| 6:41 | Create | Villager (Male) |
| 6:42 | Create | Villager (Male) |
| 6:45 | Build | House |
| 6:46 | Build | House |
| 7:21 | Build | House |
| 7:22 | Build | House |
| 7:30 | Create | Villager (Male) |
| 7:30 | Create | Villager (Male) |
| 7:49 | Build | House |
| 8:19 | Build | House |
| 8:20 | Build | House |
| 8:30 | Build | Palisade Wall |
| 9:23 | Build | Mining Camp |
| 9:36 | Build | House |
| 9:36 | Build | House |
| 9:57 | Research | Feudal Age |
| 9:57 | Research | Feudal Age |
| 10:37 | Build | Palisade Gate |
| 10:45 | Build | Palisade Wall |
| 10:56 | Build | Barracks |
| 11:04 | Create | Villager (Male) |
| 11:04 | Create | Villager (Male) |
| 11:33 | Build | Palisade Wall |
| 11:38 | Build | Palisade Wall |
| 11:42 | Build | Building 796 |
| 11:57 | Build | Palisade Wall |
| 12:02 | Build | Building 796 |
| 12:08 | Build | Palisade Wall |
| 12:20 | Build | Farm |
| 12:22 | Build | Farm |
| 12:35 | Build | Farm |
| 13:06 | Create | Villager (Male) |
| 13:07 | Create | Villager (Male) |
| 13:08 | Research | Double-Bit Axe |
| 13:09 | Research | Double-Bit Axe |
| 13:19 | Build | Farm |
| 13:52 | Build | Mill |
| 14:07 | Create | Villager (Male) |
| 14:08 | Create | Villager (Male) |
| 14:09 | Create | Villager (Male) |
| 14:10 | Create | Villager (Male) |
| 14:35 | Create | Spearman |
| 14:35 | Create | Spearman |
| 14:36 | Create | Spearman |
| 14:38 | Create | Spearman |
| 15:12 | Build | Mining Camp |
| 15:25 | Research | Town Watch |
| 15:26 | Create | Villager (Male) |
| 15:26 | Create | Villager (Male) |
| 16:19 | Build | Farm |
| 16:25 | Build | Farm |
| 16:29 | Build | Blacksmith |
| 16:35 | Research | Wheelbarrow |
| 16:40 | Build | Farm |
| 16:59 | Create | Spearman |
| 17:00 | Create | Spearman |
| 17:29 | Create | Villager (Male) |
| 17:37 | Build | Market |
| 17:59 | Build | Market |
| 18:01 | Create | Villager (Male) |
| 18:07 | Build | Farm |
| 18:19 | Research | Scale Barding Armor |
| 18:19 | Research | Scale Barding Armor |
| 18:33 | Build | Stable |
| 18:41 | Build | Farm |
| 18:44 | Create | Villager (Male) |
| 18:45 | Create | Villager (Male) |
| 18:51 | Build | Farm |
| 19:17 | Create | Villager (Male) |
| 19:18 | Create | Villager (Male) |
| 19:18 | Create | Villager (Male) |
| 19:41 | Build | Stable |
| 19:54 | Build | Farm |
| 20:08 | Create | Villager (Male) |
| 20:11 | Build | Farm |
| 20:14 | Create | Villager (Male) |
| 20:46 | Build | Farm |
| 20:56 | Build | Stable |
| 21:05 | Research | Castle Age |
| 21:05 | Research | Castle Age |
| 21:10 | Build | Farm |
| 21:34 | Build | Lumber Camp |
| 21:58 | Research | Gold Mining |
| 21:59 | Research | Gold Mining |
| 23:14 | Create | Scout Cavalry |
| 23:14 | Create | Scout Cavalry |
| 23:15 | Create | Scout Cavalry |
| 23:15 | Create | Scout Cavalry |
| 23:16 | Create | Scout Cavalry |
| 23:53 | Create | Knight |
| 23:54 | Create | Knight |
| 23:54 | Create | Knight |
| 23:54 | Create | Knight |
| 23:55 | Create | Knight |
| 23:57 | Create | Villager (Male) |
| 23:58 | Create | Villager (Male) |
| 23:58 | Create | Villager (Male) |
| 23:58 | Create | Villager (Male) |
| 24:22 | Create | Knight |
| 24:22 | Create | Knight |
| 24:22 | Create | Knight |
Build order — Tineri
55 actions detected in the replay
| 0:09 | Create | Villager (Male) |
| 0:10 | Create | Villager (Male) |
| 0:10 | Create | Villager (Male) |
| 0:10 | Create | Villager (Male) |
| 0:10 | Create | Villager (Male) |
| 0:24 | Build | Mill |
| 2:18 | Build | Lumber Camp |
| 3:17 | Create | Villager (Male) |
| 3:18 | Create | Villager (Male) |
| 4:02 | Create | Villager (Male) |
| 4:03 | Create | Villager (Male) |
| 4:51 | Create | Villager (Male) |
| 4:51 | Create | Villager (Male) |
| 5:51 | Create | Villager (Male) |
| 6:28 | Build | Mining Camp |
| 7:26 | Create | Villager (Male) |
| 8:03 | Build | Farm |
| 8:17 | Build | Farm |
| 9:01 | Build | Farm |
| 9:31 | Build | Farm |
| 9:37 | Build | Farm |
| 9:49 | Build | Farm |
| 10:01 | Build | Farm |
| 10:50 | Create | Villager (Male) |
| 11:31 | Research | Feudal Age |
| 12:03 | Create | Villager (Male) |
| 13:17 | Build | Mining Camp |
| 13:41 | Age | Feudal Age |
| 14:41 | Create | Villager (Male) |
| 14:41 | Create | Villager (Male) |
| 14:48 | Create | Villager (Male) |
| 14:48 | Create | Villager (Male) |
| 15:04 | Research | Double-Bit Axe |
| 15:08 | Research | Horse Collar |
| 16:48 | Build | Barracks |
| 17:06 | Create | Villager (Male) |
| 17:06 | Create | Villager (Male) |
| 17:06 | Create | Villager (Male) |
| 17:07 | Create | Villager (Male) |
| 17:39 | Build | Stable |
| 18:25 | Create | Spearman |
| 18:25 | Create | Spearman |
| 19:44 | Create | Villager (Male) |
| 19:45 | Create | Villager (Male) |
| 19:45 | Create | Villager (Male) |
| 19:45 | Create | Villager (Male) |
| 20:32 | Research | Bloodlines |
| 20:47 | Build | Farm |
| 21:09 | Build | Farm |
| 21:21 | Build | Farm |
| 21:46 | Build | Farm |
| 21:46 | Build | Farm |
| 22:41 | Create | Scout Cavalry |
| 22:41 | Create | Scout Cavalry |
| 22:42 | Create | Scout Cavalry |
Build order — xLMx DARK 123
122 actions detected in the replay
| 0:01 | Create | Villager (Male) |
| 0:01 | Create | Villager (Male) |
| 0:02 | Create | Villager (Male) |
| 0:02 | Create | Villager (Male) |
| 0:03 | Build | House |
| 0:05 | Build | House |
| 0:07 | Build | House |
| 0:46 | Build | Lumber Camp |
| 1:25 | Research | Loom |
| 1:45 | Build | House |
| 2:00 | Create | Villager (Male) |
| 2:00 | Create | Villager (Male) |
| 2:13 | Create | Villager (Male) |
| 2:39 | Create | Villager (Male) |
| 3:30 | Create | Villager (Male) |
| 4:02 | Create | Villager (Male) |
| 4:03 | Create | Villager (Male) |
| 4:03 | Create | Villager (Male) |
| 4:18 | Build | Palisade Wall |
| 4:26 | Create | Villager (Male) |
| 4:27 | Create | Villager (Male) |
| 4:55 | Create | Villager (Male) |
| 5:14 | Build | Mill |
| 5:22 | Create | Villager (Male) |
| 5:23 | Create | Villager (Male) |
| 5:39 | Build | Palisade Wall |
| 6:02 | Create | Villager (Male) |
| 6:02 | Create | Villager (Male) |
| 6:03 | Create | Villager (Male) |
| 6:03 | Create | Villager (Male) |
| 6:32 | Build | Palisade Wall |
| 7:38 | Build | Barracks |
| 8:42 | Build | Palisade Wall |
| 8:47 | Research | Feudal Age |
| 8:47 | Research | Feudal Age |
| 9:10 | Build | Palisade Wall |
| 9:54 | Build | House |
| 9:58 | Build | Palisade Wall |
| 10:15 | Create | Villager (Male) |
| 10:16 | Create | Villager (Male) |
| 10:16 | Create | Villager (Male) |
| 10:16 | Create | Villager (Male) |
| 11:38 | Build | Stable |
| 11:57 | Build | Mining Camp |
| 12:10 | Build | Building 796 |
| 13:14 | Build | Archery Range |
| 13:22 | Create | Villager (Male) |
| 13:23 | Create | Villager (Male) |
| 13:23 | Create | Villager (Male) |
| 13:23 | Create | Villager (Male) |
| 13:23 | Create | Villager (Male) |
| 13:24 | Create | Villager (Male) |
| 13:24 | Create | Villager (Male) |
| 14:12 | Build | Blacksmith |
| 14:39 | Build | Palisade Wall |
| 14:45 | Build | House |
| 14:46 | Build | House |
| 14:47 | Build | House |
| 14:48 | Build | House |
| 14:56 | Build | Palisade Wall |
| 15:06 | Build | Farm |
| 15:06 | Build | Farm |
| 15:06 | Build | Farm |
| 15:06 | Build | Farm |
| 15:07 | Build | Farm |
| 15:07 | Build | Farm |
| 15:07 | Build | Farm |
| 15:07 | Build | Farm |
| 15:08 | Build | Farm |
| 15:08 | Build | Farm |
| 15:12 | Create | Villager (Male) |
| 15:12 | Create | Villager (Male) |
| 15:41 | Build | Watch Tower |
| 15:42 | Create | Archer |
| 15:42 | Create | Archer |
| 15:42 | Create | Archer |
| 15:43 | Create | Archer |
| 15:43 | Create | Archer |
| 15:43 | Create | Archer |
| 15:43 | Create | Archer |
| 16:09 | Create | Villager (Male) |
| 16:30 | Create | Villager (Male) |
| 16:30 | Create | Villager (Male) |
| 16:33 | Build | Farm |
| 16:33 | Build | Farm |
| 16:34 | Build | Farm |
| 16:34 | Build | Farm |
| 16:34 | Build | Farm |
| 16:35 | Build | Farm |
| 16:35 | Build | Farm |
| 16:57 | Create | Villager (Male) |
| 16:57 | Create | Villager (Male) |
| 17:16 | Build | Mill |
| 17:34 | Create | Archer |
| 17:34 | Create | Archer |
| 19:26 | Create | Archer |
| 19:26 | Create | Archer |
| 19:28 | Create | Archer |
| 19:43 | Build | Blacksmith |
| 19:59 | Research | Castle Age |
| 20:13 | Create | Archer |
| 20:13 | Create | Archer |
| 20:14 | Create | Archer |
| 20:33 | Research | Fletching |
| 20:38 | Build | House |
| 20:39 | Build | House |
| 20:48 | Build | Lumber Camp |
| 20:49 | Research | Double-Bit Axe |
| 21:50 | Build | Stable |
| 22:54 | Research | Crossbowman (upgrade) |
| 23:00 | Create | Knight |
| 23:00 | Create | Knight |
| 23:05 | Build | Archery Range |
| 23:12 | Create | Villager (Male) |
| 23:13 | Create | Villager (Male) |
| 23:13 | Create | Villager (Male) |
| 23:13 | Create | Villager (Male) |
| 23:13 | Create | Villager (Male) |
| 23:14 | Create | Villager (Male) |
| 23:14 | Create | Villager (Male) |
| 23:14 | Create | Villager (Male) |
| 23:15 | Create | Villager (Male) |
Build order — Neredar
99 actions detected in the replay
| 0:07 | Build | House |
| 0:27 | Create | Villager (Male) |
| 0:28 | Create | Villager (Male) |
| 0:59 | Create | Villager (Male) |
| 1:21 | Create | Villager (Male) |
| 1:47 | Create | Villager (Male) |
| 2:07 | Create | Villager (Male) |
| 3:00 | Create | Villager (Male) |
| 3:09 | Build | House |
| 3:25 | Create | Villager (Male) |
| 4:06 | Create | Villager (Male) |
| 4:21 | Create | Villager (Male) |
| 4:31 | Build | Mining Camp |
| 4:37 | Create | Villager (Male) |
| 4:45 | Create | Villager (Male) |
| 5:23 | Create | Villager (Male) |
| 5:54 | Create | Villager (Male) |
| 5:59 | Build | House |
| 6:28 | Create | Villager (Male) |
| 6:58 | Create | Villager (Male) |
| 7:11 | Build | Mill |
| 7:29 | Create | Villager (Male) |
| 7:39 | Create | Villager (Male) |
| 8:31 | Build | House |
| 9:08 | Create | Villager (Male) |
| 9:36 | Create | Villager (Male) |
| 10:08 | Build | Mining Camp |
| 10:15 | Research | Feudal Age |
| 10:16 | Create | Villager (Male) |
| 10:45 | Build | Lumber Camp |
| 10:56 | Create | Villager (Male) |
| 11:18 | Create | Villager (Male) |
| 11:51 | Build | House |
| 12:08 | Build | House |
| 12:24 | Research | Loom |
| 12:25 | Age | Feudal Age |
| 12:28 | Research | Loom |
| 12:28 | Research | Wheelbarrow |
| 12:29 | Research | Town Watch |
| 12:31 | Create | Villager (Male) |
| 12:40 | Build | Blacksmith |
| 12:52 | Build | Market |
| 12:57 | Create | Villager (Male) |
| 13:09 | Research | Horse Collar |
| 13:22 | Research | Double-Bit Axe |
| 13:23 | Research | Double-Bit Axe |
| 14:25 | Build | Farm |
| 14:26 | Build | Farm |
| 14:28 | Build | Farm |
| 14:32 | Build | Farm |
| 14:34 | Build | Farm |
| 14:58 | Create | Villager (Male) |
| 15:39 | Build | Barracks |
| 15:44 | Research | Fletching |
| 16:30 | Build | Archery Range |
| 16:41 | Create | Villager (Male) |
| 17:02 | Build | Stable |
| 17:06 | Create | Archer |
| 17:16 | Build | Archery Range |
| 17:25 | Create | Archer |
| 17:26 | Create | Archer |
| 17:29 | Create | Villager (Male) |
| 17:29 | Create | Villager (Male) |
| 17:33 | Create | Archer |
| 17:35 | Create | Spearman |
| 17:35 | Create | Spearman |
| 17:50 | Build | Farm |
| 17:52 | Build | Farm |
| 17:53 | Build | Farm |
| 17:55 | Build | Farm |
| 18:03 | Create | Archer |
| 19:14 | Create | Archer |
| 19:14 | Create | Archer |
| 19:20 | Create | Scout Cavalry |
| 19:20 | Create | Scout Cavalry |
| 19:26 | Build | House |
| 19:34 | Create | Villager (Male) |
| 19:34 | Create | Villager (Male) |
| 19:44 | Build | Lumber Camp |
| 19:49 | Create | Archer |
| 19:49 | Create | Skirmisher |
| 19:50 | Create | Archer |
| 19:51 | Create | Skirmisher |
| 19:57 | Build | House |
| 20:37 | Create | Scout Cavalry |
| 20:41 | Create | Skirmisher |
| 20:42 | Create | Archer |
| 20:42 | Create | Skirmisher |
| 20:43 | Create | Archer |
| 20:43 | Create | Skirmisher |
| 20:44 | Create | Archer |
| 20:51 | Create | Villager (Male) |
| 21:22 | Create | Spearman |
| 21:22 | Create | Spearman |
| 21:49 | Build | House |
| 21:52 | Build | House |
| 23:47 | Create | Spearman |
| 23:50 | Create | Archer |
| 23:52 | Create | Scout Cavalry |
Match timeline
| 4:18 | xLMx DARK 123 · wall_segment Palisade Wall x7 |
| 5:39 | xLMx DARK 123 · wall_segment Palisade Wall x9 |
| 6:32 | xLMx DARK 123 · wall_segment Palisade Wall x1 |
| 7:38 | xLMx DARK 123 · first_building Barracks |
| 8:30 | PinBuckle914816 · wall_segment Palisade Wall x5 |
| 8:42 | xLMx DARK 123 · wall_segment Palisade Wall x8 |
| 9:10 | xLMx DARK 123 · wall_segment Palisade Wall x14 |
| 9:58 | xLMx DARK 123 · wall_segment Palisade Wall x7 |
| 10:45 | PinBuckle914816 · wall_segment Palisade Wall x1 |
| 10:56 | PinBuckle914816 · first_building Barracks |
| 11:33 | PinBuckle914816 · wall_segment Palisade Wall x11 |
| 11:38 | PinBuckle914816 · wall_segment Palisade Wall x18 |
| 11:38 | xLMx DARK 123 · first_building Stable |
| 11:57 | PinBuckle914816 · wall_segment Palisade Wall x1 |
| 12:08 | PinBuckle914816 · wall_segment Palisade Wall x8 |
| 12:25 | Neredar · age_up feudal |
| 13:14 | xLMx DARK 123 · first_building Archery Range |
| 13:41 | Tineri · age_up feudal |
| 14:39 | xLMx DARK 123 · wall_segment Palisade Wall x3 |
| 14:56 | xLMx DARK 123 · wall_segment Palisade Wall x1 |
| 15:39 | Neredar · first_building Barracks |
| 16:30 | Neredar · first_building Archery Range |
| 16:48 | Tineri · first_building Barracks |
| 17:02 | Neredar · first_building Stable |
| 17:39 | Tineri · first_building Stable |
| 18:33 | PinBuckle914816 · first_building Stable |
| 20:32 | PinBuckle914816 · first_market_buy 100 food |
| 24:21 | Tineri · resign |
[ AI ANALYSIS · 1 CREDIT ]
What really happened in this match?
Wolo.gg analyzes every decision: build order, eco, micro, common mistakes by bracket. Personalized analysis on WhatsApp or Discord in 30 seconds.
Civ guide
Franks
Perfil
Jugador #22257596